 Dungeon Sprint DCSS version 0.27-a0-1278-g6cbc8dfb29 (webtiles) character file.

Game seed: 8910543373896735821

9 mhtbhm the Ducker (level 2, -9/22 HPs)
             Began as a Felid Berserker on June 12, 2021.
             Was a Follower of Trog.
             Killed from afar by an oklob sapling (12 damage)
             ... with a splash of acid
             ... in the Dungeon (Sprint IV: "Fedhas' Mad Dash").
             The game lasted 00:00:11 (83 turns).

mhtbhm the Ducker (Felid Berserker)                   Turns: 83, Time: 00:00:11

Health: -9/22      AC:  1    Str: 13    XL:     2   Next: 6%
Magic:  3/3        EV: 19    Int:  8    God:    Trog [*.....]
Gold:   8          SH:  0    Dex: 15    Spells: 1/1 levels left
                                        Lives:  0   Deaths: 0

rFire    . . .     SeeInvis +     - Unarmed
rCold    . . .     Faith    .   (shield unavailable)
rNeg     . . .     Spirit   .   (armour unavailable)
rPois    .         Reflect  .   (helmet unavailable)
rElec    .         Harm     .   (cloak unavailable)
rCorr    .         Rampage  .   (gloves unavailable)
Will     .....     NoTele   +   (boots unavailable)
Stlth    ..........             (no amulet)
HPRegen  0.07/turn              (no ring)
MPRegen  0.08/turn              (no ring)

@: berserking, very quick
A: very small, claws 1, fangs 3, see invisible, speed 1, shaggy fur 1, stealthy
paws, no weapons or thrown items, no armour, multi-lived
a: Renounce Religion, Berserk


You were in the Dungeon.
You worshipped Trog.
Trog was aware of your devotion.
You visited 1 branch You collected 8 gold pieces.

Inventory:

Scrolls
 f - a scroll of blinking
Potions
 a - a potion of curing
 b - a potion of heal wounds
 c - a potion of haste
 d - 2 potions of magic
 e - a potion of berserk rage


   Skills:
 + Level 3.8 Fighting
 + Level 5.0 Dodging
 + Level 3.9 Unarmed Combat


You had one spell level left.
You didn't know any spells.
Your spell library was empty.

Dungeon Overview and Level Annotations

Branches:
Dungeon (1/1)

Altars:

Annotations:
D exclusion: oklob sapling


Innate Abilities, Weirdness & Mutations

You have sharp claws.
You have razor-sharp teeth.
You have supernaturally acute eyesight. (SInv)
You cover ground quickly. (Speed+)
You are covered in fur. (AC +1)
Your paws help you pounce on unaware monsters.
You are incapable of wielding weapons or throwing items.
You cannot wear armour.
You gain extra lives every three experience levels.


Message History

Your Dodging skill increases to level 5!
You have reached level 2!
Unknown command.
You claw the rat!
You kill the rat!
Trog accepts your kill.
You now have 8 gold pieces.
You see here a river rat corpse.
You start resting.
You feel a strong urge to attack something.
You start resting.
You are no longer berserk.
You are exhausted.
You feel yourself slow down.
You start resting.
You feel yourself speed up.
You start resting.
You recover from your berserk rage.
You start resting.
HP restored.
You open the door.
Found 45 gold pieces.
An oklob sapling comes into view.
Marking area around an oklob sapling as unsafe for travelling.
Found 13 gold pieces.
There is an open door here.
A red film seems to cover your vision as you go berserk!
You feel yourself moving faster!
You feel mighty! The oklob sapling spits acid at you.
The splash of acid hits you!
You are splashed with acid!
Ouch! That really hurt!
* * * LOW HITPOINT WARNING * * *
You are too injured to fight recklessly!
You are too injured to fight recklessly!
Unknown command.
You completely miss the oklob sapling. The oklob sapling spits acid at you.
The splash of acid hits you!
Ouch! That really hurt!
You die...

##################
#<..P#.....#.$$$$#
#PP..'.†...@.#
#PPPP#.....#P#
##############


You could see an oklob sapling.

Vanquished Creatures
  A river rat (D)
  A rat (D)
2 creatures vanquished.

Notes
Turn   | Place    | Note
-------+----------+-------------------------------------------
     0 | D        | mhtbhm the Felid Berserker began the quest for the Orb.
     0 | D        | Reached XP level 1. HP: 10/10 MP: 2/2
    12 | D        | Reached skill level 5 in Dodging
    12 | D        | Reached XP level 2. HP: 15/15 MP: 3/3
    81 | D        | Noticed an oklob sapling
    83 | D        | Killed from afar by an oklob sapling

Illustrated notes

Levels and vault maps discovered:
D:        dungeon_sprint_fedhas [sprint_temple]

Skill      XL: |  1 |
---------------+----+-----
Dodging        | 5 |  5.0
Fighting       | |  3.8
Unarmed Combat | |  3.9

Action                   || total
-------------------------++-------
Melee: Unarmed           ||     6
Invok: Berserk           ||     2
Armor: Skin              ||     1
Dodge: Dodged            ||     1

Table legend: (Time is in decaauts)
 A = Elapsed time spent in this place.
 B = Non-inter-level travel time spent in this place.
 C = Inter-level travel time spent in this place.
 D = Time resting spent in this place.
 E = Time spent auto-exploring this place.
 F = Levels seen in this place.
 G = Mean time per level.
                   A        B        C        D        E       F      G
               +--------+--------+--------+--------+--------+-----+--------+
         Total |     85 |     85 |      0 |     67 |      0 |   1 |   85.0 |
       Dungeon |     85 |     85 |      0 |     67 |      0 |   1 |   85.0 |
               +--------+--------+--------+--------+--------+-----+--------+

Top non-repeatable levels by time:
       D: 85 daAuts
